 Dungeon Crawl Stone Soup version 0.27.0-1-g7a089689b8 (webtiles) character file.

Game seed: 5150585037156022296

15 tilp the Digger (level 2, -5/22 HPs)
             Began as a Barachi Earth Elementalist on Aug 4, 2021.
             Slain by a scorpion (9 damage)
             ... on level 2 of the Dungeon.
             The game lasted 00:02:02 (1436 turns).

tilp the Digger (Barachi Earth Elementalist)        Turns: 1436, Time: 00:02:03

Health: -5/22      AC:  2    Str:  9    XL:     2   Next: 50%
Magic:  0/5        EV: 12    Int: 15    God:
Gold:   7          SH:  0    Dex: 12    Spells: 2/5 levels left

rFire    . . .     SeeInvis .   a - +0 dagger (vamp)
rCold    . . .     Faith    .   (no shield)
rNeg     . . .     Spirit   .   b - +0 robe
rPois    .         Reflect  .   (no helmet)
rElec    .         Harm     .   (no cloak)
rCorr    .         Rampage  .   (no gloves)
Will     .....                  (no boots)
Stlth    ++........             (no amulet)
HPRegen  0.07/turn              (no ring)
MPRegen  0.09/turn              (no ring)

@: unable to hop, slow
A: amphibious, slowness 1, strong legs 1, +LOS
a: Hop


You were on level 2 of the Dungeon.
You visited 1 branch of the dungeon, and saw 2 of its levels.

You collected 7 gold pieces.

Inventory:

Hand Weapons
 a - a +0 vampiric dagger (weapon)
Missiles
 c - 71 stones
Armour
 b - a +0 robe (worn)


   Skills:
 - Level 2.0 Fighting
 - Level 2.1 Dodging
 - Level 2.0 Stealth
 - Level 2.1 Spellcasting
 - Level 1.1 Transmutations
 + Level 3.2 Earth Magic


You had 2 spell levels left.
You knew the following spells:

 Your Spells              Type           Power      Damage    Failure   Level
a - Sandblast             Erth           22%        2d7       6%          1
b - Passwall              Tmut/Erth      6%         N/A       14%         2

Your spell library contained the following spells:

 Spells                   Type           Power      Damage    Failure   Level
 Stone Arrow              Conj/Erth      12%        3d7       34%         3
 Petrify                  Tmut/Erth      8%         N/A       65%         4


Dungeon Overview and Level Annotations

Branches:
Dungeon (2/15)

Altars:


Innate Abilities, Weirdness & Mutations

You are amphibious.
You cover ground slowly.
You can hop short distances.
You have an extended range of vision and can be seen from far away.


Message History

Found a stone staircase leading up.
There is a stone staircase leading up here.
Casting: Sandblast (safe; 6% risk of failure)
Confirm with . or Enter, or press ? or * to list all spells.
Aiming: Sandblast (safe; 6% risk of failure)
Press: ? - help, Shift-Dir - straight line, f - scorpion
Aim: a scorpion (heavily wounded, 79% to hit)
The blast of sand hits the scorpion but does no damage.
The scorpion is heavily wounded.
The scorpion closely misses you.
Unknown command.
You hit the scorpion but do no damage.
The scorpion is heavily wounded.
The scorpion stings you.
* * * LOW HITPOINT WARNING * * *
You hit the scorpion but do no damage.
The scorpion is heavily wounded.
The scorpion closely misses you. The scorpion completely misses you.
You hit the scorpion but do no damage.
The scorpion is heavily wounded.
The scorpion misses you.
Unknown command.
Casting: Sandblast (safe; 6% risk of failure)
Confirm with . or Enter, or press ? or * to list all spells.
Aiming: Sandblast (safe; 6% risk of failure)
Press: ? - help, Shift-Dir - straight line, f/p - scorpion
Aim: a scorpion (heavily wounded, 79% to hit)
The blast of sand hits the scorpion but does no damage.
The scorpion is heavily wounded.
The scorpion completely misses you.
Unknown command.
You hit the scorpion.
You feel better.
The scorpion is heavily wounded.
The scorpion stings you.
* * * LOW HITPOINT WARNING * * *
Unknown command.
You hit the scorpion but do no damage.
The scorpion is heavily wounded.
The scorpion stings you!
You die...

.............###...#
.....g.....s<......#
.#.##.#.#####....?#
#.# ###...# #.##
...# #..### .....
##..g# ###.... ###s#
#.... #@# .... #.#
### ... .....
....... #........
#.........
#..........
#####.######


You could see a scorpion and a hobgoblin.

Vanquished Creatures
  2 endoplasms (D:1)
  2 goblins (D:1)
  4 jackals (D:1)
  A kobold (D:1)
  A ball python (D:1)
  3 bats (D:1)
13 creatures vanquished.

Notes
Turn   | Place    | Note
-------+----------+-------------------------------------------
     0 | D:1      | tilp the Barachi Earth Elementalist began the quest for the
                  | Orb.
     0 | D:1      | Reached XP level 1. HP: 13/13 MP: 3/3
   327 | D:1      | Reached skill level 1 in Fighting
   581 | D:1      | Reached XP level 2. HP: 20/21 MP: 5/5
   608 | D:1      | Learned a level 2 spell: Passwall
  1410 | D:2      | Noticed a scorpion
  1436 | D:2      | Slain by a scorpion

Illustrated notes

Levels and vault maps discovered:
D:1:      mrwooster_arrival_statue_3, layout_loops_corners, serial_forest,
          infiniplex_forest_clump_medium, infiniplex_forest_clump_tiny,
          infiniplex_forest_fountain, infiniplex_forest_straight_4,
          infiniplex_forest_lined_room_2, infiniplex_forest_lined_1,
          infiniplex_forest_clump_diagonal, infiniplex_forest_zigzag_1,
          minmay_misc_feat_roman
D:2:      layout_rooms, amcnicky_mini_rare_corridor_liquid

Skill      XL: |  1  2 |
---------------+-------+-----
Stealth        | 2 |  2.0
Fighting       | 1 2 |  2.0
Dodging        | |  2.1
Spellcasting   | |  2.1
Transmutations | |  1.1
Earth Magic    | |  3.2

Action                   || total
-------------------------++-------
Melee: Dagger            ||    61
       Unarmed           ||     1
 Cast: Sandblast         ||    12
 Abil: Hop               ||     1
  Use: Scroll            ||     1
       Potion            ||     1
 Stab: Sleeping          ||     2
Armor: Robe              ||    14
Dodge: Dodged            ||    53
